 Dungeon Crawl Stone Soup version 0.32-a0-928-g1cae6b7ea0 (webtiles) character file.

Game seed: 8489860498496736333

355996 OboGreatPlayer the Slayer (level 22, -7/151 HPs)
             Began as a Gargoyle Fighter on Apr 12, 2024.
             Was the Champion of Hepliaklqana.
             Mangled by a war gargoyle
             ... wielding a +3 heavy dire flail
              (19 damage)
             ... on level 5 of the Vaults.
             The game lasted 01:56:14 (44090 turns).

OboGreatPlayer the Slayer (Gargoyle Fighter)       Turns: 44090, Time: 01:56:14

Health: -7/151     AC: 60    Str: 34    XL:     22   Next: 33%
Magic:  1/28       EV:  9    Int: 12    God:    Hepliaklqana [******]
Gold:   1117       SH: 17    Dex:  9    Spells: 21/21 levels left

rFire   + . .        s - +9 demon whip (protect)
rCold   + . .        i - +0 kite shield
rNeg    + . .        X - +2 gold dragon scales
rPois   ∞            c - +1 helmet
rElec   +            Z - +2 cloak
rCorr   .            A - +1 pair of gloves {infuse}
SInv    .            W - +0 pair of boots {rampage}
Will    +....        e - amulet of reflection
Stlth   x              - +6 ring of strength
HPRegen 0.45/turn    R - +4 ring of slaying
MPRegen 0.21/turn

%: reflection, rampage, infuse magic (1 MP)
@: mighty, under a protective aura, flying
A: reduced essence, sickness immunity, AC +16, big wings, negative energy
resistance 1, electricity resistance, torment resistance 1, petrification
resistance
}: 2/15 runes: decaying, gossamer
a: Renounce Religion, Recall Ancestor, Ancestor Identity, Transference, Idealise


You were on level 5 of the Vaults.
You worshipped Hepliaklqana.
Hepliaklqana was exalted by your worship.
You visited 7 branches of the dungeon, and saw 36 of its levels.

You collected 5127 gold pieces.
You spent 4010 gold pieces at shops.

Inventory:

Hand Weapons
 g - a +5 demon whip of electrocution
 s - a +9 demon whip of protection (weapon)
Missiles
 b - 4 throwing nets
 T - 5 poisoned darts (quivered)
Armour
 c - a +1 helmet (worn)
 i - a +0 kite shield (worn)
 A - a +1 pair of gloves of infusion (worn)
 W - a +0 pair of boots of rampaging (worn)
 X - +2 gold dragon scales (worn)
 Z - a +2 cloak (worn)
Jewellery
 e - an amulet of reflection (around neck)
 f - a ring of Gotenk {Fly rN+}
   (You found it on level 1 of the Lair of Beasts)

   [ring of positive energy]

   rN+:       It protects you from negative energy.
   Fly:       It grants you flight.
 w - a +6 ring of intelligence
 x - a +6 ring of strength (left hand)
 C - a ring of resist corrosion
 I - a ring of protection from cold
 N - a ring of positive energy
 Q - a ring of willpower
 R - a +4 ring of slaying (right hand)
 S - a ring of see invisible
Wands
 y - a wand of mindburst (20)
 D - a wand of digging (5)
 O - a wand of charming (21)
 P - a wand of polymorph (22)
 U - a wand of light (25)
Scrolls
 j - 5 scrolls of poison
 k - 3 scrolls of revelation
 m - 2 scrolls of silence
 p - 5 scrolls of amnesia
 r - 3 scrolls of noise
 z - 6 scrolls of vulnerability
 F - 3 scrolls of torment
 K - 5 scrolls of immolation
 L - 2 scrolls of fog
Potions
 d - a potion of might
 n - 2 potions of resistance
 u - 6 potions of lignification
 v - 4 potions of mutation
 G - 7 potions of attraction
 H - a potion of cancellation
 M - 9 potions of enlightenment
 V - 7 potions of ambrosia
Miscellaneous
 a - a lightning rod (4/4)
 l - a box of beasts (inert)
 E - a tin of tremorstones (2/2)
 J - a phantom mirror


   Skills:
 * Level 26.8 Fighting
 - Level 12.0 Maces & Flails
 - Level 8.0 Throwing
 * Level 20.3 Armour
 - Level 11.1 Dodging
 - Level 15.0 Shields
 - Level 8.0 Invocations
 - Level 6.0 Evocations


You had 21 spell levels left.
You didn't know any spells.
Your spell library contained the following spells:

 Spells                   Type           Power      Damage    Failure   Level
 Apportation              Tloc           0%         N/A       98%         1
 Kiss of Death            Conj/Necr      0%         2d5       98%         1
 Magic Dart               Conj           0%         1d3       98%         1
 Necrotise                Necr           0%         1d4       98%         1
 Sting                    Conj/Alch      0%         1d3       98%         1
 Summon Small Mammal      Summ           0%         N/A       98%         1
 Call Imp                 Summ           0%         N/A       99%         2
 Jinxbite                 Hex            0%         N/A       99%         2
 Lesser Beckoning         Tloc           0%         N/A       99%         2
 Mercury Vapours          Alch/Air       0%         N/A       99%         2
 Searing Ray              Conj           0%         2d4       99%         2
 Call Canine Familiar     Summ           0%         N/A       100%        3
 Fugue of the Fallen      Necr           0%         N/A       100%        3
 Maxwell's Portable Pile  Tloc           0%         2d(5-13)  100%        3
 Mephitic Cloud           Conj/Alch/Air  0%         N/A       100%        3
 Ozocubu's Armour         Ice            0%         N/A       100%        3
 Sigil of Binding         Hex            0%         N/A       100%        3
 Stone Arrow              Conj/Erth      0%         3d7       100%        3
 Teleport Other           Tloc           0%         N/A       100%        3
 Tukima's Dance           Hex            0%         N/A       100%        3
 Anguish                  Hex/Necr       0%         N/A       100%        4
 Animate Armour           Summ/Erth      0%         N/A       100%        4
 Dimensional Bullseye     Hex/Tloc       0%         N/A       100%        4
 Fulminant Prism          Conj/Alch      0%         3d5       100%        4
 Ignite Poison            Fire/Alch      0%         N/A       100%        4
 Iskenderun's Mystic Bla Conj/Tloc 0%             2d3        (+2d1     100%        4
 Olgreb's Toxic Radiance  Alch           0%         N/A       100%        4
 Summon Blazeheart Golem  Fire/Summ      0%         N/A       100%        4
 Alistair's Intoxication  Alch           0%         N/A       100%        5
 Freezing Cloud           Conj/Ice/Air   0%         6-21      100%        5
 Iskenderun's Battlesphe  Conj           0%         2d6       100%        5
 Summon Forest            Summ/Tloc      0%         N/A       100%        5
 Summon Mana Viper        Hex/Summ       0%         N/A       100%        5
 Yara's Violent Unravell  Hex/Alch       0%         3d3       100%        5
 Bombard                  Conj/Erth      0%         9d1       100%        6
 Eringya's Noxious Bog    Alch           0%         4d6       100%        6
 Summon Cactus Giant      Summ           0%         N/A       100%        6
 Enfeeble                 Hex            0%         N/A       100%        7
 Haunt                    Necr/Summ      0%         N/A       100%        7
 Manifold Assault         Tloc           0%         N/A       100%        7
 Orb of Destruction       Conj           0%         9d5       100%        7
 Spellforged Servitor     Conj/Summ      0%         N/A       100%        7
 Summon Hydra             Summ           0%         N/A       100%        7
 Discord                  Hex            0%         N/A       100%        8
 Lehudib's Crystal Spear  Conj/Erth      0%         10d2      100%        8
 Cigotuvi's Dreadful Rot  Necr/Alch/Air  Unusable   N/A       N/A         2
 Sublimation of Blood     Necr           Unusable   N/A       N/A         2

Dungeon Overview and Level Annotations

Branches:
Dungeon (15/15)            Temple (1/1) D:5            Lair (5/5) D:8
  Swamp (4/4) Lair:2       Spider (4/4) Lair:3        Slime (0/5) Lair:4
    Orc (2/2) D:10            Elf (0/3) Orc:2        Vaults (5/5) D:13
  Crypt (0/3) Vaults:2     Depths (0/4) D:15

Altars:
Ashenzari
Cheibriados
Dithmenos
Elyvilon
Fedhas
Gozag
Hepliaklqana
Kikubaaqudgha
Makhleb
Nemelex Xobeh
Okawaru
Qazlal
Ru
Sif Muna
Trog
Uskayaw
Vehumet
Wu Jian
Xom
Yredelemnul
Zin
The Shining One
Beogh

Shops:
D:1 :   D:6 [   D:8 (   D:13 :   Orc:2 ![!?   Vaults:1 ?!!!=   Vaults:4 *
Vaults:5 !?

Annotations:
D:4 exclusion: downstairs
D:5 exclusion: downstairs
D:7 exclusion: downstairs
D:14 exclusion: downstairs
Lair:1 exclusion: downstairs
Lair:4 1 runed translucent door, Xotez's ghost, journeyman MfIE
Swamp:2 3 runed translucent doors, Extiocze's ghost, adept SpHu
Swamp:4 3 runed translucent doors, Konar's ghost, adept CoHu
Spider:3 exclusion: downstairs
Vaults:2 1 transporter, Xatzup's ghost, adept OnGl


Innate Abilities, Weirdness & Mutations

Your life essence is reduced to manifest your ancestor. (-10% HP)
You are immune to sickness and miasma.
Your stone body is resilient. (AC +16)
You are immune to poison.
Your large and strong wings let you fly.
You resist negative energy. (rN+)
You are resistant to electric shocks. (rElec)
You are resistant to unholy torment.
You are immune to petrification.


Message History

* * * LOW HITPOINT WARNING * * *
The deep troll bites you but does no damage.
You block the deep troll's attack. x2
You take 3 damage, and have 17/151 hp.
You feel better.
Bob casts a spell at the deep troll.
The bolt of magma hits the vault guard!!
The bolt of magma misses the deep troll.
The war gargoyle hits you with a +3 heavy dire flail!!
* * * LOW HITPOINT WARNING * * *
The vault guard throws a silver javelin.
The silver javelin closely misses Bob.
Bob casts a spell at the deep troll.
The bolt of magma hits the vault guard!!
The bolt of magma hits the deep troll!!
You block the vault guard's attack.
The vault guard hits Bob with a +1 great mace.
The deep troll bites you but does no damage.
You block the deep troll's attack.
The deep troll claws you but does no damage.
You take 14 damage, and have 3/151 hp.
Okay, then.
Okay, then.
Okay, then.
Okay, then.
You feel better.
The war gargoyle hits you but does no damage.
The vault guard shoots a bolt.
The bolt hits Bob!!
The bolt freezes Bob.
Bob is destroyed!
You block the vault guard's attack.
The vault guard hits you but does no damage.
You block the deep troll's attack.
The deep troll claws you but does no damage.
You block the deep troll's attack.
You regained 8 hp, and now have 11/151 hp.
You open the lid... ...and a larval stingox beast leaps out!
The box is emptied!
The war gargoyle hits you with a +3 heavy dire flail!!
You die...
Hepliaklqana delivers you to your ancestors.

#......#
#......####
#).........
#..........
#..........
#..........
#H.).#
#.pTp########
#.@##$[......
#p9#..$.e##'.
#p.#....#!:#
#÷p#....#.)#
#..#....'##'
. #))##.....
..
#..##'##'##'
#'
#..##......
##.
#..#....'#
'....#..


You could see 5 vault guards, a deep troll, a war gargoyle and a friendly larval
stingox beast (summoned).

Vanquished Creatures
  An ancient lich (Vaults:5)
  A golden dragon (Vaults:5)
  A tentacled monstrosity (Vaults:5)
  Zenata (Vaults:2)
  2 sphinxes
  A titan (Vaults:5)
  Gastronok (Orc:1)
  3 storm dragons (Vaults:5)
  5 tengu reavers
  Kirke (D:12)
  A shadow dragon (Vaults:5)
  Donald (Vaults:2)
  3 frost giants (Vaults:5)
  An emperor scorpion (Spider:4)
  3 fire giants
  An iron dragon (Vaults:5)
  18 vault wardens
  2 ghost moths
  A broodmother (Spider:3)
  8 ironbound preservers
  A very ugly thing (Vaults:5)
  4 stone giants
  A formless jellyfish (Vaults:4)
  A deep elf demonologist (Vaults:5)
  9 ironbound thunderhulks
  2 deep elf annihilators
  2 eleionomae
  8 dire elephants
  2 spark wasps
  4 war gargoyles
  An ettin (Vaults:2)
  Snorg (Orc:1)
  4 entropy weavers
  2 shambling mangroves
  17 vault guards
  3 great orbs of eyes
  A peacekeeper (Vaults:1)
  8 yaktaur captains
  10 ironbound frosthearts
  14 hydras
  3 radroaches
  2 ghost crabs
  6 ogre magi
  11 alligators
  17 centaur warriors
  A sphinx zombie (Vaults:4)
  A death knight (Vaults:2)
  2 jorogumos
  22 two-headed ogres
  10 boulder beetles
  A titan zombie (Vaults:4)
  A spectral dire elephant (Lair:5)
  A death scarab (Spider:3)
  3 tengu warriors
  A death yak (Lair:3)
  3 demonic crawlers
  2 skysharks
  9 spriggans
  Amaemon (Lair:1)
  A shadow wraith (Vaults:4)
  5 goliath frogs
  9 pharaoh ants
  A death drake (Swamp:2)
  2 spectral death yaks (Lair:5)
  2 sun moths
  4 orb spiders
  A spectral anaconda (Lair:5)
  4 swamp dragons
  2 glowing orange brains (Vaults:2)
  2 spriggan druids (Swamp:4)
  9 bog bodies
  An obsidian statue (Lair:5)
  3 arcanists
  22 deep trolls
  12 ironbound convokers
  11 lindwurms
  11 steelbarb worms
  3 phantasmal warriors
  An orc knight (D:13)
  6 ugly things
  A shadow dragon zombie (Vaults:4)
  2 orc sorcerers
  9 wolf spiders
  2 manticores
  4 necromancers
  A fire giant zombie (Vaults:4)
  4 cyclopes
  7 will-o-the-wisps
  2 moths of wrath
  A human zombie (Vaults:4)
  A meliai (shapeshifter) (D:14)
  5 meliai (Spider:4)
  12 elephants
  2 black mambas (Lair:5)
  14 vault sentinels
  An orange demon (Lair:1)
  An ice statue (D:8)
  9 kobold blastminers
  14 cane toads
  8 torpor snails
  Joseph (D:7)
  An unseen horror (D:11)
  A yaktaur zombie (Vaults:4)
  Jeremiah (D:9)
  3 freezing wraiths
  2 dire elephant skeletons (Lair:5)
  2 rime drakes
  22 yaktaurs
  8 komodo dragons
  2 tengu conjurers (D:15)
  Psyche (D:9)
  8 trolls
  A polar bear (shapeshifter) (D:15)
  5 polar bears
  8 hornets
  5 blink frogs
  10 tyrant leeches
  21 jumping spiders
  20 tarantellas
  32 slime creatures
  A fire giant simulacrum (Vaults:4)
  20 culicivoras
  2 vampires
  Sigmund (D:3)
  2 wyverns (Lair:4)
  2 shadows
  5 basilisks
  2 wraiths
  A hog (D:12)
  36 redbacks
  3 steam dragons
  39 yaks
  3 wargs
  5 vampire mosquitoes
  A swamp worm (shapeshifter) (Vaults:5)
  Menkaure (D:5)
  10 swamp worms
  3 acid dragons
  13 water moccasins
  2 ice beasts
  5 black bears
  6 swamp drakes
  4 elephant zombies (Lair:5)
  A boggart (D:13)
  3 laughing skulls
  10 centaurs
  12 orc warriors
  27 ogres
  16 wolves
  2 elephant skeletons (Lair:5)
  A phantom (D:5)
  The ghost of Autsider the Digger, an amateur GrEE (D:3)
  A kobold brigand (D:10)
  9 bullfrogs
  2 scorpions (D:5)
  2 cane toad simulacra (Lair:5)
  5 wights
  2 killer bees (D:9)
  3 howler monkeys
  A bombardier beetle (D:10)
  4 hounds
  A gnoll bouda (D:8)
  10 orc priests
  3 iguanas
  5 orc wizards
  A sleepcap (D:4)
  A hound zombie (D:3)
  4 adders
  2 shadow imps (D:7)
  4 white imps
  4 ufetubi
  3 dart slugs
  A ribbon worm (D:5)
  34 orcs
  3 endoplasms
  2 giant cockroaches
  10 hobgoblins
  2 jackals (D:3)
  27 kobolds
  3 quokkas
  6 ball pythons
  A ball python zombie (D:3)
  4 bats
  A frilled lizard (D:1)
  6 goblins
  5 rats
1026 creatures vanquished.

Vanquished Creatures (collateral kills)
  Mennas (Vaults:4)
  Sojobo (Vaults:2)
  Mlioglotl (Swamp:4)
  A titan (Vaults:5)
  2 liches
  3 sphinxes
  2 tengu reavers
  A fire giant (Vaults:2)
  An emperor scorpion (Spider:4)
  5 vault wardens
  A frost giant (Vaults:5)
  2 ghost moths (Spider:1)
  10 ironbound preservers
  2 ironbound thunderhulks
  3 stone giants
  An eleionoma (Swamp:4)
  A deep elf demonologist (Vaults:5)
  A deep elf death mage (Vaults:5)
  A deep elf annihilator (Vaults:5)
  2 dire elephants (Vaults:4)
  A deep elf high priest (Vaults:5)
  5 yaktaur captains
  Fannar (Lair:1)
  4 hydras
  5 alligators
  8 vault guards
  5 entropy weavers
  7 centaur warriors
  4 great orbs of eyes
  3 jorogumos
  A radroach (Spider:4)
  A death knight (D:15)
  3 boulder beetles (Spider:4)
  A death yak (Lair:3)
  4 demonic crawlers
  An orc high priest (Orc:2)
  A hell knight (Vaults:5)
  3 pharaoh ants
  A sun moth (Spider:2)
  A goliath frog (Swamp:1)
  8 deep trolls
  4 bog bodies (Swamp:4)
  2 arcanists (Vaults:3)
  A steelbarb worm (Spider:4)
  2 ironbound convokers
  3 swamp dragons (Swamp:4)
  3 orb spiders
  3 orc knights
  2 necromancers (Lair:5)
  A lindwurm (Vaults:2)
  A phantasmal warrior (D:15)
  4 wolf spiders
  An obsidian bat (Orc:1)
  An orc sorcerer (Orc:1)
  3 ugly things
  5 elephants
  4 cyclopes
  3 meliai (Spider:4)
  6 vault sentinels
  2 eyes of devastation (shapeshifter)
  A black mamba (Lair:4)
  6 cane toads
  2 torpor snails
  2 rime drakes
  Maggie (D:10)
  3 komodo dragons
  An unseen horror (D:13)
  A human skeleton (Vaults:4)
  16 yaktaurs
  A tyrant leech (Lair:2)
  12 tarantellas
  10 jumping spiders
  A blink frog (Lair:4)
  A deep troll zombie (Vaults:4)
  2 hornets
  A fire giant simulacrum (Vaults:4)
  8 slime creatures
  A spriggan (Swamp:4)
  A wraith (Vaults:2)
  A wyvern (D:8)
  10 yaks
  8 culicivoras
  A basilisk (Lair:2)
  13 redbacks
  A vampire mosquito (Swamp:2)
  3 swamp worms
  6 water moccasins
  5 orc warriors
  A sky beast (D:6)
  4 swamp drakes (Swamp:4)
  2 black bears
  A laughing skull (D:15)
  8 wolves
  8 centaurs
  6 ogres
  4 kobold brigands
  7 bullfrogs
  2 cane toad simulacra (Lair:5)
  An elephant simulacrum (Lair:5)
  A killer bee (D:9)
  An electric eel (Spider:3)
  A howler monkey (D:12)
  A jelly (D:8)
  3 orc priests
  3 orc wizards
  13 orcs
  7 kobolds
354 creatures vanquished.

Vanquished Creatures (others)
  An ironbound preserver (Vaults:1)
  A vault guard (Vaults:5)
  A bloated husk (Swamp:4)
  A howler monkey (D:7)
  35 battlemagi
  An orc (Orc:2)
  19 foxfires
59 creatures vanquished.

Grand Total: 1439 creatures vanquished

Notes
Turn   | Place    | Note
-------+----------+-------------------------------------------
     0 | D:1      | OboGreatPlayer the Gargoyle Fighter began the quest for the
                  | Orb.
     0 | D:1      | Reached XP level 1. HP: 14/14 MP: 1/1
   204 | D:1      | Reached XP level 2. HP: 19/19 MP: 2/2
   380 | D:1      | Found Humusm's Vocational Training.
   667 | D:1      | Reached XP level 3. HP: 23/23 MP: 3/3
  1331 | D:3      | Reached XP level 4. HP: 28/28 MP: 4/4
  1450 | D:3      | Found a glowing golden altar of the Shining One.
  1765 | D:3      | Found a runed translucent gate.
  1765 | D:3      | Found a runed translucent gate.
  1765 | D:3      | Found a runed translucent gate.
  1765 | D:3      | Noticed Autsider's ghost (amateur GrEE)
  1792 | D:3      | Found a basalt altar of Yredelemnul.
  1820 | D:3      | Killed Autsider's ghost
  1821 | D:3      | Reached skill level 4 in Fighting
  1821 | D:3      | Reached skill level 5 in Maces & Flails
  1821 | D:3      | Reached XP level 5. HP: 28/33 MP: 5/5
  1863 | D:3      | Noticed Sigmund
  1869 | D:3      | Killed Sigmund
  1870 | D:3      | Reached XP level 6. HP: 19/38 MP: 6/6
  2328 | D:4      | Noticed a black bear
  2351 | D:4      | Killed a black bear
  2352 | D:4      | Reached XP level 7. HP: 36/43 MP: 7/7
  2915 | D:5      | Entered Level 5 of the Dungeon
  2947 | D:5      | Found a staircase to the Ecumenical Temple.
  2953 | D:5      | Noticed Menkaure
  2957 | Temple   | Entered the Ecumenical Temple
  2988 | Temple   | Became a worshipper of Hepliaklqana the Forgotten
  3400 | D:5      | Killed Menkaure
  3401 | D:5      | Reached skill level 1 in Evocations
  3401 | D:5      | Reached XP level 8. HP: 16/48 MP: 8/8
  3524 | D:5      | Reached skill level 1 in Dodging
  4225 | D:5      | Reached skill level 5 in Fighting
  4458 | D:6      | Reached XP level 9. HP: 54/54 MP: 9/9
  4715 | D:6      | Reached skill level 5 in Armour
  4724 | D:6      | Reached skill level 5 in Shields
  4770 | D:6      | Reached * piety under Hepliaklqana
  5014 | D:6      | Found Siegfried's Dragon-Slaying Spoils.
  5402 | D:7      | Found a radiant altar of Vehumet.
  5657 | D:7      | Identified the +1 robe "Dicugi Wock" {MP+9 Int+2 Archmagi}
  5769 | D:7      | Reached skill level 6 in Fighting
  5924 | D:7      | Noticed Joseph
  5943 | D:7      | Killed Joseph
  5944 | D:7      | Reached skill level 10 in Maces & Flails
  5944 | D:7      | Reached XP level 10. HP: 41/54 MP: 10/10
  6186 | D:7      | Found an opulent altar of Gozag.
  6524 | D:8      | Reached ** piety under Hepliaklqana
  6525 | D:8      | Remembered your ancestor Bob as a battlemage
  6598 | D:8      | Noticed a tengu warrior
  6598 | D:8      | Noticed a centaur warrior
  6628 | D:8      | Killed a centaur warrior
  6735 | D:8      | Found Erebey's Weapon Boutique.
  7156 | D:8      | Noticed a two-headed ogre
  7225 | D:8      | Noticed a cyclops
  7240 | D:8      | Killed a cyclops
  7262 | D:8      | Noticed an ice statue
  7368 | D:8      | Found a staircase to the Lair.
  7392 | D:8      | Killed a tengu warrior
  7393 | D:8      | Reached skill level 7 in Fighting
  7455 | Lair:1   | Entered Level 1 of the Lair of Beasts
  7539 | Lair:1   | Noticed Amaemon
  7539 | Lair:1   | Noticed an orange demon
  7539 | Lair:1   | Found the +8 demon trident "Rift" {distort, reach+}
  7548 | Lair:1   | Killed Amaemon
  7549 | Lair:1   | Reached XP level 11. HP: 60/60 MP: 11/11
  7629 | Lair:1   | You fall into a shaft and drop 1 floor!
  7900 | Lair:1   | Reached skill level 8 in Fighting
  7916 | Lair:1   | Reached skill level 5 in Dodging
  8070 | Lair:1   | Noticed Fannar
  8088 | Lair:1   | Killed Fannar
  8357 | Lair:1   | Reached *** piety under Hepliaklqana
  8449 | Lair:1   | Reached XP level 12. HP: 67/67 MP: 12/12
  8464 | Lair:1   | Reached skill level 9 in Fighting
  8792 | Lair:1   | Identified a ring of Gotenk {Fly rN+}
  9128 | Lair:2   | Found the +8 whip "Snakebite" {venom, curare, rPois}
  9464 | Lair:2   | Found a staircase to the Swamp.
  9578 | Lair:2   | Reached skill level 10 in Fighting
  9744 | Lair:2   | Noticed a skyshark
  9747 | Lair:2   | Noticed a four-headed hydra
  9848 | Lair:2   | Reached skill level 1 in Invocations
  9864 | Lair:2   | Reached skill level 10 in Armour
  9864 | Lair:2   | Killed a four-headed hydra
  9891 | Lair:2   | Killed a skyshark
 10059 | Lair:2   | Reached **** piety under Hepliaklqana
 10381 | Lair:3   | Noticed a death yak
 10396 | Lair:3   | Killed a death yak
 10397 | Lair:3   | Reached XP level 13. HP: 74/74 MP: 11/14
 10505 | Lair:3   | Reached skill level 5 in Evocations
 10847 | Lair:3   | Found a hole to the Spider Nest.
 11085 | Lair:4   | Reached skill level 11 in Fighting
 11249 | Lair:4   | Found a staircase to the Slime Pits.
 11274 | Lair:4   | Found a runed translucent door.
 11274 | Lair:4   | Found a shimmering altar of Xom.
 11274 | Lair:4   | Noticed Xotez's ghost (journeyman MfIE)
 11876 | Lair:5   | Entered Level 5 of the Lair of Beasts
 12573 | Lair:5   | Reached ***** piety under Hepliaklqana
 12619 | Lair:5   | Reached skill level 12 in Fighting
 13042 | Lair:5   | Noticed a dire elephant
 13042 | Lair:5   | Noticed a dire elephant
 13105 | Lair:5   | Gained mutation: Your large and strong wings let you fly.
                  | [Gargoyle growth]
 13105 | Lair:5   | Reached XP level 14. HP: 78/82 MP: 15/15
 13363 | Lair:5   | Killed a dire elephant
 13367 | Lair:5   | Killed a dire elephant
 13391 | Lair:5   | Identified the +6 trident of Qiniwnoosk {heavy, Str+5
                  | Dex+3}
 13559 | Lair:5   | Identified the staff of Gozag's Wrath {*Corrode rElec rPois
                  | rC+ rN+++ Fire Ice}
 13941 | D:6      | Bought +0 gold dragon scales for 960 gold pieces
 14037 | D:8      | Reached skill level 13 in Fighting
 15057 | D:9      | Noticed Psyche
 15066 | D:9      | Killed Psyche
 15099 | D:9      | Noticed Jeremiah
 15108 | D:9      | Killed Jeremiah
 15388 | D:10     | Entered Level 10 of the Dungeon
 16038 | D:10     | Noticed Maggie
 16045 | D:10     | Killed Maggie
 16171 | D:10     | Found a burning altar of Makhleb.
 16454 | D:10     | Found a snail-covered altar of Cheibriados.
 16688 | D:10     | Found a staircase to the Orcish Mines.
 16700 | Orc:1    | Entered Level 1 of the Orcish Mines
 16859 | Orc:1    | Noticed Gastronok
 16879 | Orc:1    | Killed Gastronok
 16880 | Orc:1    | Reached skill level 1 in Throwing
 17235 | Orc:2    | Entered Level 2 of the Orcish Mines
 17235 | Orc:2    | Found Apuxzuowa's Armour Boutique.
 17511 | Orc:1    | Reached ****** piety under Hepliaklqana
 17523 | Orc:1    | Noticed Snorg
 17534 | Orc:1    | Killed Snorg
 17562 | Orc:1    | Reached skill level 10 in Dodging
 17742 | Orc:2    | Found Nicuangac's Distillery.
 17742 | Orc:2    | Found Eseeh's Magic Scroll Emporium.
 17758 | Orc:2    | Reached XP level 15. HP: 67/90 MP: 17/17
 17768 | Orc:1    | Paralysed by an orc sorcerer for 4 turns
 17855 | Orc:1    | Reached skill level 14 in Fighting
 17895 | Orc:2    | Found Opneimnaot's Distillery.
 18340 | Orc:2    | Found a staircase to the Elven Halls.
 18558 | Orc:2    | Found a roughly hewn altar of Beogh.
 20303 | D:12     | Reached skill level 10 in Shields
 20306 | D:12     | Noticed Kirke
 20315 | D:12     | Noticed a sphinx
 20320 | D:12     | Killed Kirke
 20835 | D:13     | Found Zeaqeudu's Book Boutique.
 21055 | D:13     | Identified the +0 leather armour of the Unicorn {+Inv rPois
                  | Str-2 Int+4}
 21168 | D:13     | Reached skill level 15 in Fighting
 21283 | D:13     | Found a gate to the Vaults.
 22283 | D:15     | Entered Level 15 of the Dungeon
 22287 | D:15     | Paralysed by an ogre mage for 3 turns
 22401 | D:15     | Reached XP level 16. HP: 97/97 MP: 17/19
 22880 | D:15     | Reached skill level 5 in Throwing
 23032 | D:15     | Paralysed by an ogre mage for 4 turns
 23119 | D:15     | Found a staircase to the Depths.
 23358 | D:15     | Reached skill level 16 in Fighting
 23748 | Swamp:1  | Entered Level 1 of the Swamp
 25024 | Swamp:2  | Reached skill level 15 in Armour
 25053 | Swamp:2  | Found a runed translucent gate.
 25053 | Swamp:2  | Found a runed translucent gate.
 25053 | Swamp:2  | Found a runed translucent gate.
 25056 | Swamp:2  | Noticed Extiocze's ghost (adept SpHu)
 25564 | Swamp:3  | Reached skill level 17 in Fighting
 25593 | Swamp:3  | Reached XP level 17. HP: 62/105 MP: 20/20
 25846 | Swamp:4  | Entered Level 4 of the Swamp
 25912 | Swamp:4  | Noticed Konar's ghost (adept CoHu)
 25912 | Swamp:4  | Found a runed translucent gate.
 25912 | Swamp:4  | Found a runed translucent gate.
 25912 | Swamp:4  | Found a runed translucent gate.
 26621 | Swamp:4  | Noticed Mlioglotl
 26630 | Swamp:4  | Killed Mlioglotl
 26631 | Swamp:4  | Reached skill level 18 in Fighting
 26782 | Swamp:4  | Got a decaying rune of Zot
 27301 | Spider:1 | Entered Level 1 of the Spider Nest
 27991 | Spider:1 | Reached skill level 19 in Fighting
 28604 | Spider:1 | Reached XP level 18. HP: 89/115 MP: 0/21
 29139 | Spider:2 | Identified the +1 robe of Courage {Will+ Archmagi}
 29222 | Spider:2 | Reached skill level 20 in Fighting
 30478 | Spider:3 | Reached skill level 21 in Fighting
 31287 | Spider:4 | Entered Level 4 of the Spider Nest
 31728 | Spider:4 | Reached skill level 5 in Invocations
 32464 | Spider:4 | Reached skill level 22 in Fighting
 32838 | Spider:4 | Got Kenaxkiu's Beginning the Power of Words
 32856 | Spider:4 | Reached XP level 19. HP: 118/124 MP: 23/23
 33261 | Spider:4 | Got a gossamer rune of Zot
 33659 | Orc:2    | Bought a scroll of brand weapon for 104 gold pieces
 33844 | Vaults:1 | Entered Level 1 of the Vaults
 34036 | Vaults:1 | Identified the +8 lajatang of Moral Flaws {vamp, rElec}
 34288 | Vaults:1 | Reached skill level 23 in Fighting
 34576 | Vaults:1 | Found Apiasomekh's Jewellery Shoppe.
 34868 | Vaults:1 | Found Foqapt's Magic Scroll Emporium.
 34868 | Vaults:1 | Found Hafadghes's Distillery.
 34876 | Vaults:1 | Bought 2 potions of heal wounds for 110 gold pieces
 35071 | Vaults:1 | Reached skill level 24 in Fighting
 35317 | Vaults:1 | Bought a scroll of teleportation for 51 gold pieces
 35317 | Vaults:1 | Bought a scroll of teleportation for 51 gold pieces
 35317 | Vaults:1 | Bought a scroll of enchant weapon for 127 gold pieces
 35317 | Vaults:1 | Bought a scroll of enchant weapon for 127 gold pieces
 35317 | Vaults:1 | Bought a scroll of enchant weapon for 127 gold pieces
 35317 | Vaults:1 | Bought a scroll of fog for 68 gold pieces
 35590 | Vaults:1 | Found Totimm's Distillery.
 35591 | Vaults:1 | Found Fudd's Distillery.
 35651 | Vaults:1 | Bought a potion of curing for 63 gold pieces
 35651 | Vaults:1 | Bought a potion of curing for 63 gold pieces
 35651 | Vaults:1 | Bought a potion of heal wounds for 105 gold pieces
 35651 | Vaults:1 | Bought a potion of heal wounds for 105 gold pieces
 35651 | Vaults:1 | Bought a potion of heal wounds for 105 gold pieces
 36223 | Vaults:2 | Noticed Zenata
 36245 | Vaults:2 | Killed Zenata
 36458 | Vaults:2 | Reached XP level 20. HP: 109/135 MP: 17/26
 36600 | Vaults:2 | Noticed Sojobo
 36607 | Vaults:2 | HP: 6/135 [disintegration (28)]
 37016 | Vaults:2 | Found a staircase to the Crypt.
 37080 | Vaults:2 | Identified the +8 giant club "Qoociu Etic" {flame, rF-
                  | Will+ Int+4}
 37081 | Vaults:2 | Noticed Donald
 37094 | Vaults:2 | Killed Donald
 37646 | Vaults:2 | Killed Sojobo
 38307 | Vaults:2 | Noticed Xatzup's ghost (adept OnGl)
 38308 | Vaults:2 | Found a transporter.
 38405 | Vaults:3 | You are sucked into a shaft and drop 1 floor!
 38570 | Vaults:4 | Identified a scroll of acquirement
 38589 | Vaults:4 | Acquired 493 gold pieces
 38975 | Vaults:4 | Reached skill level 25 in Fighting
 39183 | Vaults:4 | Noticed Mennas
 39214 | Vaults:4 | Killed Mennas
 40660 | Vaults:3 | Reached XP level 21. HP: 130/142 MP: 24/27
 42374 | Vaults:4 | Found Fogh's Assorted Antiques.
 42381 | Vaults:4 | Bought a potion of might for 140 gold pieces
 42381 | Vaults:4 | Bought a potion of haste for 350 gold pieces
 42381 | Vaults:4 | Identified the +3 ring mail of Atheism {rF++}
 42576 | Vaults:4 | Bought a scroll of enchant armour for 262 gold pieces
 42812 | Vaults:5 | Entered Level 5 of the Vaults
 42874 | Vaults:5 | Found Nenuar's Distillery.
 42952 | Vaults:5 | Reached skill level 26 in Fighting
 42964 | Vaults:5 | HP: 7/140 [tengu reaver/bolt of negative energy (14)]
 42966 | Vaults:5 | HP: 2/140 [tengu reaver/bolt of acid (13)]
 43330 | Vaults:5 | Found Mask's Magic Scroll Shop.
 43359 | Vaults:5 | Bought a scroll of acquirement for 1092 gold pieces
 43359 | Vaults:5 | Acquired a +5 demon whip of electrocution
 43397 | Vaults:5 | Identified the +0 chain mail "Suwuyzu" {Rampage Int-2
                  | Stlth+}
 43397 | Vaults:5 | Identified the +1 arbalest of Defilement {freeze, Str-5
                  | Dex+3}
 43419 | Vaults:5 | Noticed an ancient lich
 43424 | Vaults:5 | Killed an ancient lich
 43656 | Vaults:5 | Reached XP level 22. HP: 111/151 MP: 8/28
 43937 | Vaults:5 | Got the Writings on Loathsome Jinxing
 43965 | Vaults:5 | Noticed a golden dragon
 44017 | Vaults:5 | Identified the +7 arbalest "Iwuomn" {freeze, Dex+6}
 44028 | Vaults:5 | Reached skill level 15 in Shields
 44035 | Vaults:5 | Killed a golden dragon
 44088 | Vaults:5 | HP: 3/151 [war gargoyle/+3 heavy dire flail (21)]
 44090 | Vaults:5 | Mangled by a war gargoyle

Illustrated notes

Levels and vault maps discovered:
D:1:      onia_arrival_pentagram, layout_basic, nicolae_shop_vocational
D:2:      layout_rooms
D:3:      layout_basic, nicolae_yredelemnul_ghost_church, lemuel_crystal_altar,
          uniq_sigmund
D:4:      layout_cave_pools, item_on_display_a
D:5:      layout_basic, temple_pool_b, uniq_menkaure
D:6:      cheibrodos_helix_gallery, layout_basic, nicolae_shop_dragon_depot
D:7:      layout_basic, vehumet_crystals, grunt_gozag_statues, uniq_joseph
D:8:      layout_loops_corners, david_lair_shrubbed, serial_shops, shop,
          nzn_random_ring
D:9:      layout_roguey, uniq_jeremiah, uniq_psyche
D:10:     layout_basic, amcnicky_altar_gilded, slow_altar_2, david_orc_4,
          uniq_maggie
D:11:     layout_basic
D:12:     layout_cave_pools, hive_lemuel, uniq_kirke
D:13:     layout_loops_ring, david_vaults_5, serial_shops, shop,
          chequers_serial_rivers_micro_b
D:14:     layout_basic, chequers_decorated_corner
D:15:     hangedman_depths_entry_civil_slaughter, layout_loops_cross
Temple:   kb_temple_of_zot
Lair:1:   layout_long_grid, beast_lair_carwin_7, uniq_amaemon, uniq_fannar
Lair:2:   layout_long_grid, minmay_swamp_entry_worms
Lair:3:   layout_chaotic_city, nicolae_spider_entry_orb_guardian, minivault_27,
          lemuel_fruit_tree
Lair:4:   layout_hall_layers, slime_entry_1, ebering_ghost_xom
Lair:5:   due_jungle_book, layout_gridlike, serial_bayou_shore_b,
          grunt_megastairs_4
Swamp:1:  layout_basic_swamp, evilmike_swamp_ruin_house_5, swamp_pool_1_2
Swamp:2:  layout_basic_swamp, gammafunk_ghost_hydra_chop,
          nicolae_swamp_feature_on_the_river_bank
Swamp:3:  layout_basic_swamp, hangedman_swamp_diagram
Swamp:4:  grunt_swamp_rune_castle, layout_basic_swamp,
          ebering_ghost_rock_garden, swamp_pool_4, evilmike_swamp_ruin_rubble_1,
          uniq_mlioglotl
Spider:1: layout_spider_delve
Spider:2: layout_spider_delve, drop_trap
Spider:3: layout_spider_delve
Spider:4: hellmonk_spider_rune_bug_friends, drop_trap
Orc:1:    layout_diamond_mine, uniq_gastronok, uniq_snorg
Orc:2:    st_orc_open, layout_caves, basic_altar
Vaults:1: v_alt_pattern_6, vaults_room_hangedman_quadrants, vaults_dpeg_ring,
          nicolae_vaults_what_the_h, nicolae_vaults_trapezoid_1,
          ontoclasm_vaults_tryst, nicolae_vaults_layer_cake_slice,
          nicolae_vaults_stepped_doors, nicolae_vaults_big_ls,
          nicolae_vaults_layer_cake_slice, v_pattern_1, hangedman_vaults_trim,
          v_misc_8, layout_vaults_maze_bifur, serial_shops,
          nicolae_shop_waterfront, nicolae_shop_tiny_glass, shop, shop, shop
Vaults:2: gammafunk_ghost_smash, nicolae_vaults_alarming,
          minmay_crypt_entry_simple_sparse,
          nicolae_vaults_offset_grid_hallway_4, v_misc_11,
          nicolae_vaults_network_star, hangedman_vaults_restitches,
          nicolae_vaults_double_plus_2, v_misc_12, v_alt_pattern_4,
          ontoclasm_vaults_idyll, layout_vaults_omnicross, uniq_zenata,
          uniq_sojobo, uniq_donald
Vaults:3: nicolae_vaults_little_squares_2, ontoclasm_vaults_eye,
          nicolae_vaults_wrenched, vaults_mumra_hex, v_alt_pattern_6,
          nicolae_vaults_storage_closets_2, nicolae_vaults_tetromino_T_1,
          blackcustard_rock_pile, nicolae_vaults_little_ls,
          hangedman_vaults_restitches, nicolae_vaults_shelves_hall,
          layout_vaults_chaotic_city
Vaults:4: nicolae_vaults_shipping_containers_7,
          vaults_standard_mumra_enter_the_diamond, v_misc_28,
          hangedman_vaults_maws, nicolae_vaults_network_s, v_alt_pattern_1,
          nicolae_vaults_trapezoid_1, nicolae_vaults_rhombus_7,
          nicolae_vaults_hallways_thing, nicolae_vaults_frosty_reception,
          nicolae_vaults_tetromino_Z_1, grunt_vaults_hallway_long,
          vaults_dpeg_cross, ontoclasm_vaults_shuriken, layout_vaults_omnibox,
          serial_shops, shop, uniq_mennas
Vaults:5: uniq_margery

Skill      XL: |  1  2  3  4  5  6  7  8  9 10 11 12 13 14 15 16 17 18 19 20 21 22 |
---------------+-------------------------------------------------------------------+-----
Maces & Flails | 3 4 5 6 7 8 9 10 11 12 | 12.0
Fighting       | 4 5 6 7 8 10 12 13 15 17 19 22 24 25 26 | 26.8
Evocations     | 1 2 3 4 6 |  6.0
Dodging        | 2 3 4 5 7 8 10 11 | 11.1
Armour         | 4 5 7 8 10 12 13 14 15 16 18 19 20 | 20.3
Shields        | 4 5 6 8 9 10 11 12 13 14 15 | 15.0
Invocations    | 2 3 4 6 8 |  8.0
Throwing       | 2 4 6 8 |  8.0

Action                     |  1- 3 |  4- 6 |  7- 9 | 10-12 | 13-15 | 16-18 | 19-21 | 22-24 || total
---------------------------+-------+-------+-------+-------+-------+-------+-------+-------++-------
  Melee: Flail             |   103 |   108 |   281 |   113 |       |       |       |       ||   605
         Demon whip        |       |       |       |   325 |   975 |  1207 |  1189 |   132 ||  3828
 Invoke: Recall Ancestor   |       |       |     1 |     8 |     8 |     8 |     6 |     3 ||    34
         Ancestor Identity |       |       |     1 |       |       |       |       |       ||     1
         Ancestor Life: Ba |       |       |       |     1 |       |       |       |       ||     1
         Idealise          |       |       |       |       |       |       |     4 |     2 ||     6
  Evoke: Wand              |       |       |     4 |       |       |       |       |       ||     4
         Lightning rod     |       |       |       |     3 |       |       |       |       ||     3
         Tin of tremorston |       |       |       |       |       |     2 |       |       ||     2
         Box of beasts     |       |       |       |       |       |       |       |     1 ||     1
    Use: Scroll            |     2 |       |     7 |     9 |    20 |    10 |    20 |     2 ||    70
         Potion            |       |     1 |       |     4 |     1 |     3 |    25 |     5 ||    39
   Stab: Distracted        |       |       |       |    11 |     6 |    15 |    12 |       ||    44
         Invisible         |       |       |       |       |       |       |     7 |       ||     7
 Armour: Scale mail        |    80 |   115 |   143 |   176 |   131 |       |       |       ||   645
         Gold dragon scale |       |       |       |       |   351 |  1080 |   734 |    90 ||  2255
  Dodge: Dodged            |    41 |    44 |   106 |    98 |   174 |   297 |   195 |    20 ||   975
  Block: Buckler           |    19 |    25 |   141 |    39 |       |       |       |       ||   224
         Reflection        |       |       |     7 |     4 |    53 |    24 |    81 |     8 ||   177
         Kite shield       |       |       |       |   225 |   559 |   927 |   700 |    87 ||  2498

Table legend: (Time is in decaauts)
 A = Elapsed time spent in this place.
 B = Non-inter-level travel time spent in this place.
 C = Inter-level travel time spent in this place.
 D = Time resting spent in this place.
 E = Time spent auto-exploring this place.
 F = Levels seen in this place.
 G = Mean time per level.
                   A        B        C        D        E       F      G
               +--------+--------+--------+--------+--------+-----+--------+
         Total |  42592 |  39486 |   3106 |   2505 |  29926 |  36 | 1183.1 |
       Dungeon |  14976 |  13543 |   1433 |     81 |  11226 |  15 |  998.4 |
        Temple |     73 |     21 |     52 |      0 |      4 |   1 |   73.0 |
          Lair |   6778 |   6115 |    663 |    459 |   4565 |   5 | 1355.6 |
         Swamp |   3381 |   3257 |    124 |    301 |   2348 |   4 |  845.2 |
   Spider Nest |   5533 |   5281 |    252 |    790 |   3305 |   4 | 1383.2 |
  Orcish Mines |   2187 |   2039 |    148 |    346 |   1258 |   2 | 1093.5 |
        Vaults |   9661 |   9228 |    433 |    527 |   7219 |   5 | 1932.2 |
               +--------+--------+--------+--------+--------+-----+--------+

Top non-repeatable levels by time:
Vaults:1: 2486 daAuts
Vaults:4: 2413 daAuts
Vaults:2: 1853 daAuts
Vaults:3: 1823 daAuts
  Lair:5: 1789 daAuts
Spider:3: 1706 daAuts
Spider:1: 1673 daAuts
     D:8: 1653 daAuts
  Lair:1: 1605 daAuts
    D:10: 1489 daAuts
   Orc:1: 1428 daAuts
  Lair:2: 1414 daAuts
     D:5: 1314 daAuts
     D:7: 1265 daAuts
Spider:4: 1238 daAuts
